 Dungeon Sprint DCSS version 0.19.1 (webtiles) character file.

900000 Larett the Executioner (level 13, -16/57 HPs)
             Began as a Spriggan Warper on Nov 27, 2016.
             Was an Initiate of Makhleb.
             Demolished by a meat berserker
             ... wielding a +9 battleaxe
              (73 damage)
             ... in the Dungeon (Sprint VIII: "Arena of Blood").
             The game lasted 00:00:30 (9 turns).

Larett the Executioner (Spriggan Warper)               Turns: 9, Time: 00:00:30

Health: -16/57     AC:  2    Str:  7    XL:     13   Next: 0%
Magic:  18/18      EV: 19    Int: 16    God:    Makhleb [......]
Gold:   0          SH:  0    Dex: 19    Spells: 0 memorised, 17 levels left

rFire  . . .     SeeInvis +     l - +∞ Axe of Woe
rCold  . . .     Gourm    .     b - +0 robe
rNeg   . . .     Faith    .     (shield currently unavailable)
rPois  .         Spirit   .     (helmet restricted)
rElec  .         Reflect  .     (no cloak)
rCorr  .         Harm     .     (gloves unavailable)
MR     ++...     NoTele   +     (boots unavailable)
Stlth  ++........               (no amulet)
                                (no ring)
                                (no ring)

@: very quick
A: unfitting armour, see invisible, herbivore 3, speed 3, slow metabolism 2
a: Renounce Religion


You were in the Dungeon.
You worshipped Makhleb.
Makhleb was noncommittal.
You were not hungry.

You visited 1 branch

Inventory:

Hand Weapons
 a - a +0 hand axe
 l - the +∞ Axe of Woe (weapon)
   (You found it in the Dungeon)
Missiles
 e - 5 tomahawks of dispersal (quivered)
Armour
 b - a +0 robe (worn)
Scrolls
 d - 2 scrolls of blinking
Potions
 g - a potion of curing
 h - a potion of heal wounds
 i - a potion of haste
 j - 2 potions of magic
 k - a potion of berserk rage
Books
 c - a book of Spatial Translocations

   Spells                             Type                      Level
   a - Blink                          Translocation                2
   b - Shroud of Golubria             Charms/Translocation         2
   c - Lesser Beckoning               Translocation                3
   d - Portal Projectile              Translocation                3
   e - Teleport Other                 Translocation                3
   f - Passage of Golubria            Translocation                4
Comestibles
 f - a bread ration


   Skills:
 - Level 1.5 Fighting
 + Level 25.5 Axes
 - Level 1.0 Throwing
 - Level 3.5 Dodging
 - Level 2.6 Spellcasting
   Level 4.4 Translocations


You had 17 spell levels left.
You didn't know any spells.

Dungeon Overview and Level Annotations

Branches:
Dungeon (1/1)

Altars:
Makhleb


Innate Abilities, Weirdness & Mutations

You are very small and have problems with some larger weapons.
You are too small for most types of armour.
You have supernaturally acute eyesight. (SInv)
You are a herbivore.
You cover ground extremely quickly.
You need consume almost no food.


Message History

You have reached level 8!
You have reached level 9!
Your experience leads to an increase in your attributes!
Increase (S)trength, (I)ntelligence, or (D)exterity?
You feel agile.
You have reached level 10!
You feel clever.
You have reached level 11!
You have reached level 12!
Your experience leads to an increase in your attributes!
Increase (S)trength, (I)ntelligence, or (D)exterity?
You feel agile.
You have reached level 13!
You hear a shout! x2
The meat berserker appears out of thin air!
A meat berserker comes into view. It is wielding a +9 battleaxe.
You hear a shout! x2
The meat berserker hits you with a +9 battleaxe!!!!
Ouch! That really hurt!
You die...

.... ......o.. ....
......... .....
....oo... .....
#.......# ..#.o.
#.......#
.....o###.......###.
......o....###......
#..)i...._.O....
#....O..#.....#.
.........#_.<._#
.#.......#.....#
...#.o......_......
......o....###......
....oo###... ..###.
..... #... ..# #...
.#


You could see 2 meat berserkers and 10 bags of meat.

Vanquished Creatures
  An ogre (D)
1 creature vanquished.

Notes
Turn   | Place    | Note
-------+----------+-------------------------------------------
     0 | D        | Larett the Spriggan Warper began the quest for the Orb.
     0 | D        | Reached XP level 1. HP: 10/10 MP: 5/5
     3 | D        | Noticed a bag of meat
     4 | D        | Became a worshipper of Makhleb the Destroyer
     6 | D        | Noticed a bag of meat
     6 | D        | Noticed a bag of meat
     6 | D        | Noticed a bag of meat
     6 | D        | Noticed a bag of meat
     6 | D        | Noticed a meat berserker
     6 | D        | Noticed a meat berserker
     7 | D        | Noticed a bag of meat
     8 | D        | Noticed a bag of meat
     8 | D        | Noticed a bag of meat
     9 | D        | Killed a meat berserker
     9 | D        | Reached skill level 25 in Axes
     9 | D        | Reached XP level 2. HP: 14/14 MP: 6/6
     9 | D        | Reached XP level 3. HP: 18/18 MP: 8/8
     9 | D        | Reached XP level 4. HP: 22/22 MP: 9/9
     9 | D        | Reached XP level 5. HP: 25/25 MP: 10/10
     9 | D        | Reached XP level 6. HP: 30/30 MP: 11/11
     9 | D        | Reached XP level 7. HP: 33/33 MP: 12/12
     9 | D        | Reached XP level 8. HP: 37/37 MP: 13/13
     9 | D        | Reached XP level 9. HP: 41/41 MP: 14/14
     9 | D        | Reached XP level 10. HP: 46/46 MP: 15/15
     9 | D        | Reached XP level 11. HP: 49/49 MP: 16/16
     9 | D        | Reached XP level 12. HP: 53/53 MP: 17/17
     9 | D        | Reached XP level 13. HP: 57/57 MP: 18/18
     9 | D        | Demolished by a meat berserker

Skill      XL: |  1 |
---------------+----+-----
Axes           | 25 | 25.5
Fighting       | |  1.5
Throwing       | |  1.0
Dodging        | |  3.5
Spellcasting   | |  2.6
Translocations | |  4.4

Action                   |  1- 3 |  4- 6 |  7- 9 | 10-12 | 13-15 || total
-------------------------+-------+-------+-------+-------+-------++-------
Melee: Broad axe         |     1 |       |       |       |       ||     1
